 Dungeon Crawl Stone Soup version 0.27.1 (webtiles) character file.

Game seed: 16399259795497785058

59752 dtburroughs the Cleaver (level 14, -6/193 HPs)
             Began as a Minotaur Berserker on Aug 19, 2021.
             Was a High Priest of Trog.
             Mangled by a boulder beetle (15 damage)
             ... on level 12 of the Dungeon on Aug 22, 2021.
             The game lasted 00:52:27 (26829 turns).

dtburroughs the Cleaver (Minotaur Berserker)       Turns: 26829, Time: 00:52:27

Health: -6/193     AC: 23    Str: 27    XL:     14   Next: 54%
Magic:  0/13       EV: 11    Int:  7    God:    Trog [*****.]
Gold:   948        SH:  6    Dex: 10    Spells: 13/13 levels left

rFire    + . .     SeeInvis +   S - +4 broad axe (flame)
rCold    . . .     Faith    .   x - +0 buckler
rNeg     . . .     Spirit   +   u - +0 plate armour
rPois    .         Reflect  .   o - +2 hat {SInv}
rElec    .         Harm     .   y - +0 cloak
rCorr    .         Rampage  .   A - +1 pair of gloves {Str+3}
Will     ++...                  v - +0 pair of boots
Stlth    ..........             O - amulet of guardian spirit
HPRegen  0.42/turn              k - ring of protection from fire
MPRegen  0.13/turn              N - ring of willpower

@: berserking, very quick
A: horns 2, retaliatory headbutt
a: Renounce Religion, Berserk, Trog's Hand, Brothers in Arms


You were on level 12 of the Dungeon.
You worshipped Trog.
Trog was extremely pleased with you.
You visited 2 branches of the dungeon, and saw 18 of its levels.

You collected 1377 gold pieces.
You spent 429 gold pieces at shops.

Inventory:

Hand Weapons
 M - a +4 vorpal war axe
 S - a +4 broad axe of flaming (weapon)
Armour
 o - a +2 hat of see invisible (worn)
 u - a +0 plate armour (worn)
 v - a +0 pair of boots (worn)
 x - a +0 buckler (worn)
 y - a +0 cloak (worn)
 A - a +1 pair of gloves of strength (worn)
Jewellery
 k - a ring of protection from fire (left hand)
 N - a ring of willpower (right hand)
 O - an amulet of guardian spirit (around neck)
Wands
 b - a wand of iceblast (11)
 e - a wand of digging (3)
 l - a wand of flame (40)
 p - a wand of polymorph (2)
 F - a wand of paralysis (18)
 Q - a wand of charming (10)
Scrolls
 c - 3 scrolls of magic mapping
 g - 2 scrolls of silence {unknown}
 j - a scroll of acquirement {unknown}
 n - 2 scrolls of immolation {unknown}
 q - a scroll of fear {unknown}
 r - 7 scrolls of teleportation
 w - 5 scrolls of enchant weapon
 E - 2 scrolls of blinking
 G - a scroll of holy word {unknown}
 I - a scroll of enchant armour {unknown}
 P - a scroll of fog {unknown}
Potions
 a - a potion of invisibility
 d - 5 potions of flight
 f - 7 potions of heal wounds
 h - 4 potions of lignification
 i - 2 potions of cancellation {unknown}
 m - 3 potions of ambrosia
 s - 8 potions of curing
 B - 3 potions of might
 C - a potion of berserk rage {unknown}
 H - 5 potions of haste
 J - 2 potions of brilliance {unknown}
 L - 3 potions of resistance {unknown}


   Skills:
 + Level 13.5 Fighting
 + Level 13.6 Axes
 + Level 13.3 Armour
 + Level 12.3 Dodging
 + Level 9.0 Shields
 + Level 9.9 Evocations


You had 13 spell levels left.
You didn't know any spells.
Your spell library was empty.

Dungeon Overview and Level Annotations

Branches:
Dungeon (12/15)            Temple (0/1) D:5            Lair (6/6) D:8
 Shoals (0/4) Lair:4       Spider (0/4) Lair:2        Slime (0/5) Lair:5
    Orc: D:9-12

Altars:
Cheibriados
Dithmenos
Kikubaaqudgha
Makhleb
Okawaru
Qazlal
Sif Muna
Xom
Zin
The Shining One
Jiyva

Shops:
D:1 :   D:3 [*??(   D:6 *!   D:11 *

Annotations:
D:8 2 transporters, JackMcBride's ghost, novice MiFi
D:10 3 runed translucent doors, freelancePsychic's ghost, journeyman MiFi


Innate Abilities, Weirdness & Mutations

You have a pair of horns on your head.
You reflexively headbutt those who attack you in melee.


Message History

* * * LOW HITPOINT WARNING * * *
You hit the boulder beetle but do no damage.
You headbutt the boulder beetle!
The boulder beetle is heavily wounded.
You slice the wolf spider!! You burn the wolf spider.
You kill the wolf spider!
Trog accepts your kill. The boulder beetle closely misses you.
You hit the boulder beetle but do no damage.
You headbutt the boulder beetle, but do no damage.
The boulder beetle is heavily wounded.
The boulder beetle bites you!
* * * LOW HITPOINT WARNING * * *
You slice the boulder beetle!! You burn the boulder beetle!
The boulder beetle is almost dead.
You slash the boulder beetle! You burn the boulder beetle.
You hit the boulder beetle but do no damage.
You headbutt the boulder beetle, but do no damage.
The boulder beetle is almost dead.
You hit the boulder beetle but do no damage.
You block the boulder beetle's attack.
The boulder beetle bites you but does no damage.
You hit the boulder beetle. You burn the boulder beetle.
You headbutt the boulder beetle.
The boulder beetle is almost dead.
You hit the boulder beetle but do no damage.
You hit the boulder beetle but do no damage.
The boulder beetle is almost dead.
You slash the boulder beetle! You burn the boulder beetle.
The boulder beetle bites you!
* * * LOW HITPOINT WARNING * * *
You block the boulder beetle's attack.
You hit the boulder beetle but do no damage.
You headbutt the boulder beetle, but do no damage.
The boulder beetle is almost dead.
You slash the boulder beetle! You burn the boulder beetle.
The boulder beetle bites you!
* * * LOW HITPOINT WARNING * * *
The boulder beetle bites you!
You die...

#.#.#..$.$e$B#........ .
#.#..([!?.$#†###.### #.
#.#..$==$$.#†# # .
#.#..(}?).$#†# #.
#.#c.$[[)$.#†# #.
#.#e...cc..#.#
#..##.#z......s#.# ###
###.....#####.####.##.....
....[..)B@B)).............
###.#########..........###
# #########.## .# #


You could see 2 boulder beetles.

Vanquished Creatures
  Rupert (Lair:6)
  Gastronok (Lair:3)
  Kirke (Lair:6)
  7 hydras
  4 catoblepae
  A centaur warrior (D:12)
  Erica (D:11)
  6 two-headed ogres
  6 death yaks
  A deep elf knight (D:12)
  A lindwurm (Lair:5)
  An orb spider (Lair:2)
  A cyclops (D:11)
  A wolf spider (D:12)
  3 manticores
  7 elephants
  2 merfolk sirens (Lair:4)
  3 black mambas
  9 cane toads
  2 unseen horrors
  2 rime drakes
  Psyche (D:12)
  7 komodo dragons
  A yaktaur (D:12)
  A tengu conjurer (D:12)
  2 merfolk (Lair:4)
  2 polar bears
  A troll (D:9)
  Prince Ribbit (D:8)
  16 blink frogs
  Grinder (D:3)
  13 dream sheep (Lair:4)
  A meliai zombie (D:11)
  Sigmund (D:5)
  2 wraiths
  54 yaks
  A shadow (D:12)
  A spriggan (Lair:4)
  3 wyverns
  2 hogs (Lair:6)
  10 vampire mosquitoes
  2 steam dragons
  9 water moccasins
  6 black bears
  4 orc warriors
  An ice beast (D:7)
  3 centaurs
  16 wolves
  A necrophage (D:5)
  2 ogres (D:5)
  A phantom (D:4)
  2 kobold brigands
  7 bullfrogs
  2 scorpions
  5 killer bees
  8 wights
  2 electric eels (Lair:3)
  3 howler monkeys
  A bullfrog zombie (D:4)
  5 centaur zombies
  A hound (D:4)
  6 orc priests
  A jelly (D:6)
  A bullfrog skeleton (D:5)
  Crazy Yiuf (D:5)
  A gnoll shaman (D:7)
  2 iguanas
  2 centaur skeletons
  Ijyb (D:5)
  5 orc wizards
  A scorpion zombie (D:4)
  4 hell rats (Lair:6)
  A killer bee zombie (D:4)
  3 hound zombies
  2 hound skeletons (D:4)
  2 howler monkey zombies (D:9)
  8 adders
  7 gnolls
  3 white imps
  An adder skeleton (D:4)
  3 worms
  3 dart slugs
  27 orcs
  7 ball pythons
  17 endoplasms
  3 giant cockroaches
  7 goblins
  5 hobgoblins
  11 jackals (D:1)
  4 quokkas
  7 bats
  3 frilled lizards
  14 kobolds
  4 rats
430 creatures vanquished.

Vanquished Creatures (collateral kills)
  A black mamba (Lair:6)
  A cane toad (Lair:6)
2 creatures vanquished.

Vanquished Creatures (others)
  A human (Lair:6)
  A water moccasin (Lair:6)
  A goblin (D:4)
  6 bushes (Lair:6)
  27 fungi
  45 plants
  4 withered plants (D:4)
85 creatures vanquished.

Grand Total: 517 creatures vanquished

Notes
Turn   | Place    | Note
-------+----------+-------------------------------------------
     0 | D:1      | dtburroughs the Minotaur Berserker began the quest for the
                  | Orb.
     0 | D:1      | Reached XP level 1. HP: 19/19 MP: 0/0
    97 | D:1      | Found Joudocaib's Book Emporium.
   457 | D:1      | Reached XP level 2. HP: 23/27 MP: 1/1
   839 | D:1      | Reached ** piety under Trog
   869 | D:1      | Reached XP level 3. HP: 33/33 MP: 2/2
  1674 | D:2      | Reached XP level 4. HP: 40/40 MP: 3/3
  1887 | D:2      | Reached *** piety under Trog
  1987 | D:2      | Found a faded altar of an unknown god.
  2235 | D:3      | Noticed Grinder
  2240 | D:3      | Paralysed by Grinder for 6 turns
  2248 | D:3      | Paralysed by Grinder for 3 turns
  2254 | D:3      | Paralysed by Grinder for 6 turns
  2520 | D:3      | Killed Grinder
  2521 | D:3      | Reached skill level 5 in Fighting
  2521 | D:3      | Reached skill level 5 in Axes
  2521 | D:3      | Reached XP level 5. HP: 37/48 MP: 4/4
  2521 | D:3      | Reached XP level 6. HP: 44/56 MP: 5/5
  2602 | D:3      | Found Tecellun's Magic Scroll Emporium.
  2921 | D:3      | Found Tuapte's Antique Armour Emporium.
  3188 | D:3      | Found Ruweq's Weapon Shop.
  3228 | D:3      | Found Hideimer's Magic Scroll Boutique.
  3327 | D:3      | Found Horoec Uxi's Assorted Antiques.
  3571 | D:4      | Found an iron altar of Okawaru.
  3985 | D:4      | Found a stormy altar of Qazlal.
  4005 | D:4      | Reached skill level 5 in Armour
  4005 | D:4      | Reached XP level 7. HP: 54/61 MP: 6/6
  4216 | D:4      | Reached skill level 1 in Evocations
  4720 | D:5      | Entered Level 5 of the Dungeon
  4812 | D:5      | Noticed Sigmund
  4818 | D:5      | Killed Sigmund
  4819 | D:5      | Reached skill level 5 in Dodging
  4917 | D:5      | Reached XP level 8. HP: 65/71 MP: 7/7
  4968 | D:5      | Found a runed translucent door.
  4969 | D:5      | Noticed Crazy Yiuf
  5379 | D:5      | Found a staircase to the Ecumenical Temple.
  5495 | D:5      | Noticed Ijyb
  5544 | D:5      | Killed Ijyb
  5735 | D:5      | Reached **** piety under Trog
  5827 | D:5      | Killed Crazy Yiuf
  5897 | D:5      | Upgraded the game from 0.27.0-66-gdc8fb28755 to 0.27.1
  5941 | D:6      | Found Teceur's CLEARANCE SALE! EVERYTHING MUST GO!.
  5987 | D:6      | Bought a +1 pair of gloves of strength for 49 gold pieces
  6489 | D:6      | Found Fosixt's Distillery.
  6779 | D:6      | Reached XP level 9. HP: 69/78 MP: 8/8
  7962 | D:7      | Found a glowing golden altar of the Shining One.
  8043 | D:7      | Found a shimmering blue altar of Sif Muna.
  8298 | D:7      | Found a glowing silver altar of Zin.
  8331 | D:7      | Found an ancient bone altar of Kikubaaqudgha.
  8333 | D:7      | Found a snail-covered altar of Cheibriados.
  8335 | D:7      | Found a burning altar of Makhleb.
  8742 | D:8      | Found a staircase to the Lair.
  9146 | D:8      | Noticed a two-headed ogre
  9159 | D:8      | Killed a two-headed ogre
  9569 | D:8      | Found a shadowy altar of Dithmenos.
  9785 | D:8      | Noticed Prince Ribbit
  9798 | D:8      | Killed Prince Ribbit
  9949 | D:8      | Noticed a two-headed ogre
  9954 | D:8      | Killed a two-headed ogre
  9955 | D:8      | Reached skill level 5 in Evocations
  9955 | D:8      | Reached XP level 10. HP: 90/90 MP: 9/9
  9990 | D:8      | Noticed a two-headed ogre
  9998 | D:8      | Killed a two-headed ogre
 10574 | D:8      | Noticed JackMcBride's ghost (novice MiFi)
 10595 | D:8      | Found a transporter.
 10600 | D:8      | Found a transporter.
 11800 | D:9      | Found a shimmering altar of Xom.
 12209 | D:10     | Entered Level 10 of the Dungeon
 12330 | D:10     | Found a runed translucent gate.
 12331 | D:10     | Found a runed translucent gate.
 12331 | D:10     | Found a runed translucent gate.
 12333 | D:10     | Noticed freelancePsychic's ghost (journeyman MiFi)
 12420 | D:10     | Reached skill level 10 in Axes
 12639 | D:10     | Reached XP level 11. HP: 99/99 MP: 10/10
 12747 | D:10     | Reached skill level 10 in Fighting
 12979 | D:10     | Noticed a two-headed ogre
 12986 | D:10     | Killed a two-headed ogre
 13178 | Lair:1   | Entered Level 1 of the Lair of Beasts
 13188 | Lair:1   | Noticed a four-headed hydra
 13560 | D:8      | Killed a four-headed hydra
 13561 | D:8      | Reached skill level 10 in Armour
 15574 | Lair:2   | Found a hole to the Spider Nest.
 15574 | Lair:2   | Noticed an orb spider
 15579 | Lair:2   | Killed an orb spider
 15661 | Lair:2   | Reached skill level 1 in Shields
 16360 | D:3      | Bought a +4 vorpal war axe for 380 gold pieces
 17088 | Lair:3   | Identified the +4 shortbow "Juyfac" {venom, Drain rN+
                  | Dex+6}
 17481 | Lair:3   | Noticed Gastronok
 17491 | Lair:3   | Killed Gastronok
 17492 | Lair:3   | Reached skill level 10 in Dodging
 17492 | Lair:3   | Reached XP level 12. HP: 90/110 MP: 8/11
 18308 | Lair:4   | Reached ***** piety under Trog
 18522 | Lair:4   | Found a staircase to the Shoals.
 18552 | Lair:4   | Reached skill level 5 in Shields
 19158 | Lair:4   | Received a gift from Trog
 19871 | Lair:5   | Noticed a five-headed hydra
 19889 | Lair:5   | Killed a five-headed hydra
 20172 | Lair:5   | Found a viscous altar of Jiyva.
 20172 | Lair:5   | Found a staircase to the Slime Pits.
 20420 | Lair:5   | Reached XP level 13. HP: 93/118 MP: 8/12
 20889 | Lair:6   | Entered Level 6 of the Lair of Beasts
 21473 | Lair:6   | Noticed Kirke
 21499 | Lair:6   | Killed Kirke
 23098 | Lair:6   | Received a gift from Trog
 23716 | Lair:6   | Reached XP level 14. HP: 127/129 MP: 13/13
 24315 | Lair:6   | Noticed Rupert
 24324 | Lair:6   | Paralysed by Rupert for 7 turns
 24343 | Lair:6   | Killed Rupert
 25333 | D:11     | Found Utonue's General Store.
 25979 | D:11     | Noticed Erica
 25982 | D:11     | Killed Erica
 26516 | D:12     | Noticed Psyche
 26527 | D:12     | Killed Psyche
 26829 | D:12     | HP: 9/193 [boulder beetle (12)]
 26829 | D:12     | Mangled by a boulder beetle

Illustrated notes

Levels and vault maps discovered:
D:1:      lightli_arrival_maybe_door_vault, layout_loops_corners, serial_shops,
          shop, glass_columns_b
D:2:      layout_basic, basic_ecumenical_altar, st_stairs_5, minivault_11,
          serial_bayou_pond_d
D:3:      minmay_evil_eye, layout_loops_ring, serial_shops,
          nicolae_shop_waterfront, shop, nicolae_shop_crystal,
          nicolae_shop_waterfront, shop, grunt_decor_fettered,
          minmay_misc_feat_secret_circle, uniq_grinder
D:4:      layout_layer_cave, amcnicky_altar_gilded, grunt_qazlal_clouds,
          serial_undead, serial_undead_b, serial_undead_a, serial_undead_b,
          serial_undead_c
D:5:      layout_basic, minmay_temple_entry_large_hall, uniq_sigmund,
          uniq_crazy_yiuf_cottage, uniq_ijyb
D:6:      minmay_skewed_foursquare, layout_basic, serial_shops,
          nicolae_shop_statue_plus, nicolae_shop_clearance
D:7:      layout_loops_ring, tso_metal_star, grunt_temple_overflow_open
D:8:      layout_layer_cave, mainiacjoe_overflow_paths, lair_entry_dummy,
          gammafunk_ghost_hive, bh_walls_and_bars, uniq_prince_ribbit1
D:9:      layout_irregular_city, tgw_xom
D:10:     layout_loops_cross, gammafunk_ghost_spectres, hangedman_decor_lopped
D:11:     layout_stronghold, serial_shops, nicolae_square_shop, uniq_erica
D:12:     layout_loops_ring, orc_0_dummy, gammafunk_ghost_wrathful_warriors,
          minivault_12, uniq_nessos, uniq_psyche
Lair:1:   layout_gridlike, serial_bayou_shore_b, grunt_megastairs_1
Lair:2:   layout_long_grid, nicolae_spider_entry_orb_guardian
Lair:3:   layout_loops_ring, serial_bayou_shore_a, uniq_gastronok
Lair:4:   layout_cave_pods, elwin_shoals_entry_stream,
          grunt_forest_stairs_clearing
Lair:5:   layout_cave_pods, slime_altar_1, beast_lair_carwin_4
Lair:6:   evilmike_catoblepas_cave, layout_regular_city, serial_rivers,
          chequers_serial_rivers_small_b, chequers_serial_rivers_small_a,
          chequers_serial_rivers_small_a, chequers_serial_rivers_micro_e,
          uniq_kirke, uniq_rupert

Skill      XL: |  1  2  3  4  5  6  7  8  9 10 11 12 13 14 |
---------------+-------------------------------------------+-----
Fighting       | 4 5 6 7 8 9 11 12 13 | 13.5
Axes           | 4 5 6 7 9 10 11 12 13 | 13.6
Armour         | 3 4 5 7 8 9 11 12 13 | 13.3
Dodging        | 3 4 5 6 7 8 10 11 12 | 12.3
Evocations     | 2 3 5 6 7 8 9 |  9.9
Shields        | 3 5 8 9 |  9.0

Action                   |  1- 3 |  4- 6 |  7- 9 | 10-12 | 13-15 || total
-------------------------+-------+-------+-------+-------+-------++-------
Melee: Hand axe          |    99 |   131 |   237 |       |       ||   467
       Headbutt          |    18 |    29 |    58 |   103 |   102 ||   310
       Unarmed           |       |     3 |       |       |       ||     3
       War axe           |       |       |    41 |   226 |   139 ||   406
       Battleaxe         |       |       |    23 |   224 |       ||   247
       Dire flail        |       |       |       |    15 |    31 ||    46
       Broad axe         |       |       |       |       |   238 ||   238
Invok: Trog's Hand       |       |     2 |     4 |     1 |     3 ||    10
       Berserk           |       |       |     5 |     2 |     4 ||    11
       Brothers in Arms  |       |       |       |       |     2 ||     2
Evoke: Wand              |       |       |     8 |    17 |     5 ||    30
  Use: Scroll            |       |       |     6 |     8 |     2 ||    16
       Potion            |       |       |       |       |     3 ||     3
Armor: Scale mail        |    52 |    51 |       |       |       ||   103
       Animal skin       |     2 |       |       |       |       ||     2
       Skin              |       |     1 |       |       |       ||     1
       Chain mail        |       |    11 |    19 |       |       ||    30
       Plate armour      |       |       |   155 |   356 |   306 ||   817
Dodge: Dodged            |    74 |    66 |   132 |   259 |   234 ||   765
Block: Buckler           |       |       |       |    35 |    57 ||    92
